 Dungeon Crawl Stone Soup version 0.27-a0-1083-gcf8293e1eb (webtiles) character file.

Game seed: 9467173702743851709

74 EnegeticOcto the Sneak (level 4, -13/40 HPs)
             Began as a Deep Dwarf Delver on Apr 26, 2021.
             Mangled by an ogre
             ... wielding a +0 giant spiked club
              (29 damage)
             ... on level 5 of the Dungeon.
             The game lasted 00:00:35 (30 turns).

EnegeticOcto the Sneak (Deep Dwarf Delver)            Turns: 30, Time: 00:00:35

Health: -13/40     AC:  3    Str: 17    XL:     4   Next: 9%
Magic:  4/4        EV: 12    Int: 10    God:
Gold:   16         SH:  0    Dex: 14    Spells: 3/3 levels left

rFire    . . .     SeeInvis .   a - +0 hand axe
rCold    . . .     Faith    .   (no shield)
rNeg     . . .     Spirit   .   b - +0 leather armour
rPois    .         Reflect  .   (no helmet)
rElec    .         Harm     .   (no cloak)
rCorr    .         Rampage  .   (no gloves)
Will     .....                  (no boots)
Stlth    +++.......             (no amulet)
HPRegen  0.00/turn              (no ring)
MPRegen  0.09/turn              (no ring)

@: marked, non-regenerating
A: damage resistance, heal wounds, sense surroundings 1, no regeneration
a: Heal Wounds


You were on level 5 of the Dungeon.
You visited 1 branch of the dungeon, and saw 1 of its levels.

You collected 16 gold pieces.

Inventory:

Hand Weapons
 a - a +0 hand axe (weapon)
Armour
 b - a +0 leather armour (worn)
Wands
 g - a wand of digging (3) {@v3}
 h - a wand of paralysis (6)
   (You found it on level 5 of the Dungeon)
Scrolls
 c - a scroll of fog {!r}
 d - a scroll of magic mapping {@r5 !r}
Potions
 f - a potion of haste {@q4 !q}


   Skills:
 - Level 2.6 Fighting
 + Level 4.9 Axes
 - Level 2.1 Dodging
 - Level 6.0 Stealth


You had 3 spell levels left.
You didn't know any spells.
Your spell library was empty.

Dungeon Overview and Level Annotations

Branches:
Dungeon (5/15)
 Temple: D:4-7

Altars:

Annotations:
D:5 Eustachio


Innate Abilities, Weirdness & Mutations

You are resistant to damage.
You can heal yourself by infusing magical energy.
You passively map a small area around you.
You do not regenerate.


Message History

You hit the centaur.
The centaur is lightly wounded.
The helpless scorpion fails to defend itself.
You hit the scorpion but do no damage. You closely miss the adder.
The scorpion is no longer paralysed.
The adder barely misses you. The scorpion stings you. The adder bites you.
A gnoll shaman comes into view. It is wielding a +0 whip.
An ufetubus comes into view.
The helpless centaur fails to defend itself.
You hit the centaur.
The centaur is moderately wounded.
You hit the scorpion. You hit the adder. You hit the scorpion but do no damage.
The scorpion closely misses you. The scorpion stings you.
The adder bites you but does no damage.
The gnoll shaman calls upon its god to speed up the gnoll.
The gnoll seems to speed up.
The scorpion closely misses you.
The helpless centaur fails to defend itself.
You hit the centaur.
The centaur is heavily wounded.
You hit the scorpion. You barely miss the adder.
You hit the scorpion but do no damage.
The scorpion stings you but does no damage.
The adder closely misses you.
An orc comes into view. It is wielding a +0 hand axe.
A gnoll comes into view. It is wielding a +0 flail.
The scorpion stings you.
You are poisoned.
The scorpion poisons you! The adder barely misses you.
The scorpion stings you but does no damage.
You feel much better. The scorpion misses you. The adder closely misses you.
The scorpion stings you.
An orc comes into view. It is wielding a +3 mace.
A gnoll comes into view. It is wielding a +0 flail.
The gnoll closely misses you.
Really read
e - a scroll of fear {!r}?
As you read the scroll of fear {!r}, it crumbles to dust.
You assume a fearsome visage.
The centaur looks frightened!
The scorpion looks frightened! x2; The orc looks frightened! x2
The gnoll shaman looks frightened!
The gnoll looks frightened! x4
The adder looks frightened!
The helpless centaur fails to defend itself.
You hit the centaur.
Your attack snaps the centaur out of its fear.
The centaur is heavily wounded.
An adder comes into view.
The ufetubus hits you. The ufetubus barely misses you.
An orc comes into view. It is wielding a +0 club.
Eustachio the Magnificent comes into view.
He is wielding a +0 rapier.
The gnoll gibbers meaninglessly.
The helpless centaur fails to defend itself.
You hit the centaur.
The centaur is severely wounded.
You hit the ufetubus. The ufetubus closely misses you. The ufetubus hits you.
Eustachio utters an oath, "I will die for my friends!"
The ufetubus hits you. The ufetubus barely misses you.
An ogre comes into view. It is wielding a +0 giant spiked club.
The helpless centaur fails to defend itself.
You hit the centaur.
The centaur is almost dead.
You barely miss the ufetubus. The ufetubus hits you.
The ufetubus hits you but does no damage.
The ufetubus barely misses you.
The ufetubus hits you but does no damage.
The helpless centaur fails to defend itself.
You hit the centaur.
You kill the centaur!
You closely miss the ufetubus. The ufetubus closely misses you.
The ufetubus misses you.
A phantom comes into view.
A jackal comes into view.
The orc misses you.
Eustachio mumbles some strange words.
Eustachio blinks!
The ufetubus hits you. x2
Your Axes skill gained 2 levels and is now at level 4!
You have reached level 2!
You have reached level 3!
Your experience leads to an increase in your attributes!
Increase (s)trength, (i)ntelligence, or (d)exterity?
You feel stronger.
You have reached level 4!
You feel stronger.
You are no longer poisoned.
The ufetubus hits you but does no damage.
The ufetubus closely misses you.
Things that are here:
a +1 shortbow of freezing; 13 arrows; a centaur corpse A jackal comes into view.
The ufetubus closely misses you. x2; The ufetubus barely misses you.
The ufetubus hits you.
Unknown command.
A jackal comes into view.
Cornered, the scorpion turns to fight!
The ogre hits you with a +0 giant spiked club!
The orc hits you with a +0 club. The adder bites you but does no damage.
There is a stone staircase leading up, spattered with blood here.
Unknown command.
Unknown command.
The ufetubus hits you. The ufetubus completely misses you.
The ogre hits you with a +0 giant spiked club!!
Ouch! That really hurt!
You die...

###### ###.###
##.....#..o....
##..s..........#,
#...............
#..........h[....
#...............#,
#........Oh.h...#
#.......@.@.....#
,, , *
#.....S5oW...(.. ,
##!..)o#.....#. ,
, ####.......##
#.......# * ,
#.......##
#........#
#........######
#..............


You could see Eustachio, a phantom, an ogre, a scorpion, an adder, 3 orcs, an
ufetubus and 3 jackals.

Vanquished Creatures
  A centaur (D:5)
1 creature vanquished.

Notes
Turn   | Place    | Note
-------+----------+-------------------------------------------
     0 | D:5      | EnegeticOcto the Deep Dwarf Delver began the quest for the
                  | Orb.
     0 | D:5      | Reached XP level 1. HP: 20/20 MP: 1/1
     5 | D:5      | Noticed a scorpion
     8 | D:5      | Noticed a centaur
    13 | D:5      | Noticed a scorpion
    18 | D:5      | Noticed a gnoll shaman
    23 | D:5      | Noticed Eustachio
    24 | D:5      | Noticed an ogre
    26 | D:5      | Killed a centaur
    26 | D:5      | Noticed a phantom
    27 | D:5      | Reached skill level 4 in Axes
    27 | D:5      | Reached XP level 2. HP: 18/27 MP: 2/2
    27 | D:5      | Reached XP level 3. HP: 23/33 MP: 3/3
    27 | D:5      | Reached XP level 4. HP: 28/40 MP: 4/4
    30 | D:5      | Mangled by an ogre

Illustrated notes

Levels and vault maps discovered:
D:5:      layout_rooms, uniq_eustachio

Skill      XL: |  1 |
---------------+----+-----
Axes           | 4 |  4.9
Fighting       | |  2.6
Dodging        | |  2.1
Stealth        | |  6.0

Action                   |  1- 3 |  4- 6 || total
-------------------------+-------+-------++-------
Melee: Hand axe          |    10 |       ||    10
 Abil: Heal Wounds       |     1 |       ||     1
Evoke: Wand              |     5 |       ||     5
  Use: Scroll            |     1 |       ||     1
 Stab: Paralysed         |    11 |       ||    11
Armor: Leather armour    |     8 |     2 ||    10
Dodge: Dodged            |    19 |     5 ||    24

Table legend: (Time is in decaauts)
 A = Elapsed time spent in this place.
 B = Non-inter-level travel time spent in this place.
 C = Inter-level travel time spent in this place.
 D = Time resting spent in this place.
 E = Time spent auto-exploring this place.
 F = Levels seen in this place.
 G = Mean time per level.
                   A        B        C        D        E       F      G
               +--------+--------+--------+--------+--------+-----+--------+
         Total |     32 |     32 |      0 |      0 |      0 |   1 |   32.0 |
       Dungeon |     32 |     32 |      0 |      0 |      0 |   1 |   32.0 |
               +--------+--------+--------+--------+--------+-----+--------+

Top non-repeatable levels by time:
     D:5: 32 daAuts
